 Dungeon Crawl Stone Soup version 0.21-a0-578-gc6e9d75 (webtiles) character file.

1626 slep the Chopper (level 8, -1/60 HPs)
             Began as a Demonspawn Gladiator on Dec 19, 2017.
             Slain by an orc warrior
             ... wielding a +0 long sword
              (12 damage)
             ... on level 7 of the Dungeon.
             The game lasted 00:16:10 (3769 turns).

slep the Chopper (Demonspawn Gladiator)             Turns: 3769, Time: 00:16:10

Health: -1/60      AC:  7    Str: 15    XL:     8   Next: 65%
Magic:  8/8        EV: 12    Int: 10    God:
Gold:   259        SH:  0    Dex: 16    Spells: 6/7 levels left

rFire    . . .     SeeInvis .   G - +0 hand axe (chop)
rCold    . . .     Gourm    .   (no shield)
rNeg     . . .     Faith    .   B - +2 leather armour {rPois}
rPois    +         Spirit   .   (helmet restricted)
rElec    .         Reflect  .   (no cloak)
rCorr    .         Harm     .   (no gloves)
MR       .....                  (no boots)
Stlth    ++........             y - amulet of regeneration
HPRegen  0.60/turn              F - -3 ring of evasion (curse)
MPRegen  0.11/turn              (no ring)

@: no status effects
A: horns 1, molten scales 1, powered by pain 1, spiny 2
a: no special abilities


You were on level 7 of the Dungeon.
You were not hungry.

You visited 2 branches of the dungeon, and saw 8 of its levels.

You collected 259 gold pieces.

Inventory:

Hand Weapons
 a - a +0 war axe
 A - a +1 hunting sling of velocity
 G - a +0 hand axe of chopping (weapon)
Missiles
 d - a throwing net (quivered)
 e - 9 tomahawks
 l - 15 poisoned needles
 r - 69 sling bullets
Armour
 b - a +0 leather armour
 c - a +0 helmet
 B - a +2 leather armour of poison resistance (worn)
Jewellery
 y - an amulet of regeneration (around neck)
 F - a cursed -3 ring of evasion (left hand)
Scrolls
 g - 7 scrolls of remove curse {unknown}
 h - 2 scrolls of identify {unknown}
 i - 3 scrolls of fear {unknown}
 k - 2 scrolls of fog {unknown}
 o - 5 scrolls of magic mapping {unknown}
 s - a scroll of noise {unknown}
 u - 2 scrolls of teleportation {unknown}
 v - 2 scrolls of amnesia {unknown}
 D - 3 scrolls of blinking {unknown}
Potions
 j - 2 potions of resistance {unknown}
 n - 4 potions of heal wounds {unknown}
 p - a potion of brilliance {unknown}
 q - a potion of mutation {unknown}
 t - a potion of flight {unknown}
 w - 3 potions of might {unknown}
 z - a potion of curing {unknown}
 E - a potion of agility {unknown}
Books
 m - a book of Cantrips

   Spells                             Type                      Level
   a - Confusing Touch                Hexes                        1
   b - Animate Skeleton               Necromancy                   1
   c - Summon Small Mammal            Summoning                    1
   d - Apportation                    Translocation                1
 x - a book of Minor Magic

   Spells                             Type                      Level
   a - Magic Dart                     Conjuration                  1
   b - Blink                          Translocation                2
   c - Call Imp                       Summoning                    2
   d - Slow                           Hexes                        2
   e - Conjure Flame                  Conjuration/Fire             3
   f - Mephitic Cloud                 Conjuration/Poison/Air       3
Comestibles
 f - 6 rations
 C - 9 chunks of flesh


   Skills:
 + Level 4.2 Fighting
 + Level 7.5 Axes
 + Level 2.1 Throwing
 + Level 3.3 Armour
 + Level 4.9 Dodging
 + Level 2.9 Stealth
 + Level 0.2 Spellcasting


You had 6 spell levels left.
You knew the following spells:

 Your Spells              Type           Power        Failure   Level  Hunger
a - Apportation           Tloc           #.....       41%         1    ##.....


Dungeon Overview and Level Annotations

Branches:
Dungeon (7/15)             Temple (1/1) D:5

Altars:
Dithmenos
Elyvilon
Fedhas
Hepliaklqana
Kikubaaqudgha
Makhleb
Qazlal
Ru
Sif Muna
Trog
Vehumet
Wu Jian
Yredelemnul

Annotations:
D:4 oldriver's ghost, amateur DrAE
D:5 Edmund


Innate Abilities, Weirdness & Mutations

You have a pair of small horns on your head.
You are partially covered in molten scales. (AC +2)
You sometimes gain a little power by taking damage.
You are mostly covered in sharp spines.


Message History

You kill the orc priest!
You closely miss the orc warrior. The orc warrior misses you.
Your leather armour prevents you from hitting the orc warrior.
The orc warrior closely misses you.
You closely miss the orc warrior.
The orc warrior is struck by your spines.
The orc warrior hits you with a long sword!
You hit the orc warrior.
The orc warrior is moderately wounded.
The orc warrior hits you with a long sword.
You hit the orc warrior but do no damage.
The orc warrior is moderately wounded.
You slash the orc warrior! You headbutt the orc warrior.
The orc warrior is severely wounded.
The orc warrior hits you with a long sword!
* * * LOW HITPOINT WARNING * * *
You barely miss the orc warrior.
The orc warrior is severely wounded.
The orc warrior hits you with a long sword!
You die...

#.##.##### #.# ... #.# #†. ###
#.# ##. .. #+## #. #. ##...## #.
#.### ##.....## #####.
######.#.## ##.......## ##.....
#.........####...).....####..#...
#.##.#.......'..@o.....+.)..###..
#.........####.........# #..#..#
#..P.P.#.### ##.......## ##.....
#..._......# ##.....## ##.###
#.P.P..##.# ##...### #####"#
#.........# #+##.. ...#.#
####.#.##.# #.##.#####.#.#
#.#.##.# #.##.##..))..#
#.#.##.#######.##.##.##.###


You could see an orc warrior.

Vanquished Creatures
  Menkaure (D:6)
  An orc warrior (D:7)
  A black bear (D:6)
  4 ogres
  A centaur (D:6)
  A bullfrog (D:6)
  2 scorpions
  2 howler monkeys
  5 crimson imps
  A jelly (D:3)
  A bullfrog zombie (D:5)
  3 orc priests
  A bullfrog skeleton (D:4)
  A centaur skeleton (D:7)
  A hound (D:4)
  2 orc wizards
  A worker ant (D:6)
  A hound skeleton (D:5)
  5 adders
  3 dart slugs
  6 leopard geckos
  17 orcs
  8 giant cockroaches
  10 goblins
  9 hobgoblins
  11 jackals
  A quokka (D:5)
  12 bats
  5 frilled lizards
  6 kobolds
  4 rats
127 creatures vanquished.

Notes
Turn   | Place    | Note
-------+----------+-------------------------------------------
     0 | D:1      | slep the Demonspawn Gladiator began the quest for the Orb.
     0 | D:1      | Reached XP level 1. HP: 16/16 MP: 1/1
   142 | D:1      | Gained mutation: You are partially covered in sharp spines. [demonic ancestry]
   142 | D:1      | Reached XP level 2. HP: 19/22 MP: 2/2
   207 | D:1      | Reached skill level 3 in Axes
   655 | D:2      | Gained mutation: You are mostly covered in sharp spines. [demonic ancestry]
   655 | D:2      | Reached XP level 3. HP: 22/27 MP: 3/3
   660 | D:2      | Learned a level 1 spell: Apportation
   828 | D:2      | Found a deep blue altar of Sif Muna.
  1024 | D:2      | Reached XP level 4. HP: 26/34 MP: 4/4
  1345 | D:3      | Reached skill level 1 in Armour
  1458 | D:3      | Reached XP level 5. HP: 34/39 MP: 5/5
  1461 | D:3      | Reached skill level 4 in Axes
  1549 | D:3      | Found a stormy altar of Qazlal.
  1996 | D:4      | Gained mutation: You sometimes gain a little power by taking damage. [demonic ancestry]
  1996 | D:4      | Reached XP level 6. HP: 47/47 MP: 6/6
  2094 | D:4      | Noticed oldriver's ghost (amateur DrAE)
  2588 | D:5      | Entered Level 5 of the Dungeon
  2614 | D:5      | Reached skill level 5 in Axes
  2618 | D:5      | Found a staircase to the Ecumenical Temple.
  2627 | D:5      | Noticed Edmund
  2681 | Temple   | Entered the Ecumenical Temple
  2803 | Temple   | Reached skill level 1 in Stealth
  2810 | D:5      | Gained mutation: You are partially covered in molten scales. (AC +2) [demonic ancestry]
  2810 | D:5      | Reached XP level 7. HP: 45/52 MP: 7/7
  2939 | D:6      | Noticed Menkaure
  2950 | D:6      | Killed Menkaure
  2950 | D:6      | Reached skill level 6 in Axes
  3141 | D:6      | Found a hazy altar of Hepliaklqana.
  3230 | D:6      | Gained mutation: You have a pair of small horns on your head. [demonic ancestry]
  3230 | D:6      | Reached XP level 8. HP: 60/60 MP: 8/8
  3591 | D:7      | Reached skill level 7 in Axes
  3739 | D:7      | Found a blossoming altar of Fedhas.
  3769 | D:7      | Slain by an orc warrior

Vault maps used:
D:1:      dpeg_arrival_shelter
D:2:      lemuel_blue_sif_altar, corexii_item_surrounded_by_moat,
          small_statue_intersection
D:3:      old_standard_altar
D:4:      serial_shops, shop, first_ration, st_stairs_13,
          minmay_misc_feat_roman, hangedman_decor_lopped
D:5:      kennysheep_mini_moat, marbit_many_paths, lemuel_crystal_altar,
          lemuel_coloured_pillars_altar, minmay_temple_entry_statues,
          uniq_edmund
D:6:      old_standard_altar, serial_co_window_serial, co_window_paths_b,
          co_window_of_opportunity_a, co_window_paths_b, co_window_corner_a,
          co_window_paths_b, co_window_broadway_b, co_window_of_opportunity_b,
          co_window_broadway_b, co_window_broadway_b, co_window_sun,
          co_window_4corner_a, glass_columns_c, glass_columns_a,
          glass_columns_a, glass_columns_a, glass_columns_a, uniq_menkaure
D:7:      fedhas_altar_1, basic_altar, grunt_ogre_cave
Temple:   dpeg_three_leaves_temple

Skill      XL: |  1  2  3  4  5  6  7  8 |
---------------+-------------------------+-----
Dodging        | 3 4 |  4.9
Axes           | 3 4 5 6 7 |  7.5
Armour         | 1 2 3 |  3.3
Fighting       | 3 4 |  4.2
Throwing       | 2 |  2.1
Stealth        | 1 2 |  2.9
Spellcasting   | |  0.2

Action                   |  1- 3 |  4- 6 |  7- 9 || total
-------------------------+-------+-------+-------++-------
Melee: War axe           |    84 |    87 |    85 ||   256
       Headbutt          |       |       |    14 ||    14
       Hand axe          |       |       |    12 ||    12
Throw: Throwing net      |     1 |       |     1 ||     2
       Tomahawk          |       |     5 |       ||     5
 Cast: Apportation       |     1 |       |       ||     1
 Stab: Sleeping          |     1 |     2 |     2 ||     5
  Eat: Chunk             |       |     6 |     3 ||     9
Armor: Leather armour    |    31 |    16 |    22 ||    69
Dodge: Dodged            |    63 |    67 |    55 ||   185

Table legend:
 A = Spawn XP
 B = Non-spawn XP
 C = Spawn XP percentage of total XP
 D = Spawn monster count
 E = Non-spawn monster count
 F = Spawn count percentage of total count
 G = Total turns spent on level
                    A         B        C        D         E        F      G
               +---------+---------+-------+---------+---------+-------+---------
         Total |       0 |    2324 |   0.0 |       0 |     127 |   0.0 |  3769
               +---------+---------+-------+---------+---------+-------+---------
           D:1 |       0 |      36 |   0.0 |       0 |      21 |   0.0 |   641
           D:2 |       0 |      78 |   0.0 |       0 |      29 |   0.0 |   647
           D:3 |       0 |     177 |   0.0 |       0 |      32 |   0.0 |   743
           D:4 |       0 |     191 |   0.0 |       0 |       8 |   0.0 |   557
           D:5 |       0 |     165 |   0.0 |       0 |       7 |   0.0 |   109
           D:6 |       0 |     943 |   0.0 |       0 |      17 |   0.0 |   763
           D:7 |       0 |     618 |   0.0 |       0 |      12 |   0.0 |   183
        Temple |       0 |     116 |   0.0 |       0 |       1 |   0.0 |   126
               +---------+---------+-------+---------+---------+-------+---------
